 Dungeon Crawl Stone Soup version 0.18-a0-674-g00855b9 (webtiles) character file.

62 lorenzova the Conjurer (level 3, -9/19 HPs)
             Began as a Deep Elf Conjurer on Dec 6, 2015.
             Mangled by Sigmund
             ... wielding a +0 scythe of venom
              (12 damage)
             ... on level 2 of the Dungeon.
             The game lasted 00:06:24 (2264 turns).

lorenzova the Conjurer (Deep Elf Conjurer)          Turns: 2264, Time: 00:06:24

Health: -9/19      AC:  3    Str:  5    XL:     3   Next: 85%
Magic:  7/10       EV: 13    Int: 20    God:
Gold:   53         SH:  0    Dex: 15    Spells: 2 memorised, 5 levels left

rFire  . . .     SeeInvis .     r - +0 short sword (venom)
rCold  . . .     Clarity  .     a - +0 robe
rNeg   . . .     SustAt   .     (no shield)
rPois  .         Gourm    .     (no helmet)
rElec  .         Spirit   .     (no cloak)
rCorr  .         Dismiss  .     (no gloves)
rMut   .         Stasis   .     q - +0 pair of boots (curse)
MR     .....                    (no amulet)
Stlth  ++........               (no ring)
                                (no ring)

@: lethally poisoned (-9 -> -22), not resistant to hostile enchantments,
unstealthy
A: no striking features
a: no special abilities


You were on level 2 of the Dungeon.
You were not hungry.

You visited 1 branch of the dungeon, and saw 2 of its levels.

You collected 53 gold pieces.

Inventory:

Hand Weapons
 r - a +0 short sword of venom (weapon)
Missiles
 m - 2 javelins of returning (quivered)
Armour
 a - a +0 robe (worn)
 q - a cursed +0 pair of boots (worn)
Jewellery
 n - an uncursed ring of wizardry {unknown}
Wands
 o - a wand of slowing (27)
Scrolls
 d - a scroll of recharging {unknown}
 f - 2 scrolls of identify {unknown}
 g - a scroll of fear {unknown}
 h - a scroll of random uselessness {unknown}
 j - 4 scrolls of teleportation {unknown}
 l - a scroll of enchant armour {unknown}
 p - a scroll of immolation {unknown}
 t - a scroll of fog {unknown}
Potions
 e - 2 potions of curing {unknown}
 i - 2 potions of haste {unknown}
 k - a potion of invisibility {unknown}
Books
 b - a book of Conjurations

   Spells                             Type                      Level
   a - Magic Dart                     Conjuration                  1
   b - Searing Ray                    Conjuration                  2
   c - Dazzling Spray                 Conjuration/Hexes            3
   d - Fulminant Prism                Conjuration/Hexes            4
   e - Iskenderun's Mystic Blast      Conjuration                  4
   f - Iskenderun's Battlesphere      Conjuration/Charms           5
Comestibles
 c - 2 bread rations
 s - 2 beef jerkies


   Skills:
 - Level 2.4 Dodging
 - Level 2.4 Stealth
 + Level 3.8 Spellcasting
 * Level 5.7 Conjurations


You had 5 spell levels left.
You knew the following spells:

 Your Spells              Type           Power        Failure   Level  Hunger
a - Magic Dart            Conj           ####         1%          1    None
b - Dazzling Spray        Conj/Hex       ###.....     14%         3    ###....


Dungeon Overview and Level Annotations

Branches:
Dungeon (2/15)

Altars:
Pakellas

Shops:
D:2 }

Annotations:
D:2 Sigmund


Message History

The javelin of returning fails to return to your pack!
Throwing (i - inventory):
m - 3 javelins of returning (quivered)
Press: ? - help, Shift-Dir - straight line, f - you
Okay, then.
Throwing (i - inventory):
m - 3 javelins of returning (quivered)
Press: ? - help, Shift-Dir - straight line You throw a javelin of returning.
The javelin of returning fails to return to your pack!
You see here a javelin of returning.
You hear a shout!
Something tries to affect you, but you resist.
Something hits you.
You are lethally poisoned!
* * * LOW HITPOINT WARNING * * *
You feel sick.
You see here a javelin of returning.
* * * LOW HITPOINT WARNING * * *
You feel sick. Something hits you!
Ouch! That really hurt!
You die...

...÷#...# ..# ....##.##
#.## ....##'####### ..=#
#####...##...## ####..#
.)..'.⌠.'..⌠.<# ..#..#
#####...##..)######.#(.#.#
....##'#######......#..#.#
...###.##...#####......#.#
....#...#.......@(.(#.##.#
....#.⌠.#..#...##(#.#(##.#
....#...#..#[. #.#.#.##.#
###.##<##..#. #.#.#.##.# #
#..###...# #.#.#.##.#
#######.#..#
#.#.#....#######
........#..####
#.#.#..........#
#########..##.#
#.#.#.########.#
..............# #.#.# #.#


There were no monsters in sight!

Vanquished Creatures
  2 adders (D:2)
  A worm (D:2)
  2 giant geckos
  2 ball pythons
  5 bats
  3 goblins
  5 hobgoblins
  A quokka (D:2)
  5 giant newts (D:2)
  4 kobolds
  9 rats
39 creatures vanquished.

Notes
Turn   | Place    | Note
--------------------------------------------------------------
     0 | D:1      | lorenzova the Deep Elf Conjurer began the quest for the Orb.
     0 | D:1      | Reached XP level 1. HP: 10/10 MP: 6/6
   385 | D:1      | Reached XP level 2. HP: 15/15 MP: 6/8
   597 | D:1      | Reached skill level 5 in Conjurations
  1162 | D:2      | Reached XP level 3. HP: 19/19 MP: 3/10
  1167 | D:2      | Learned a level 3 spell: Dazzling Spray
  1267 | D:2      | Noticed Sigmund
  1556 | D:2      | Found an oddly glowing altar of Pakellas.
  1556 | D:2      | Found Pakellas's Prime Provisions.
  2264 | D:2      | Mangled by Sigmund

Vault maps used:
D:1:      dpeg_arrival_court, minmay_misc_feat_columns
D:2:      johnstein_pakellas_shop, st_stairs_4, grunt_ministairs_5, uniq_sigmund

Action                   || total
-------------------------++-------
Melee: Short sword       ||     3
Throw: Javelin           ||     5
 Cast: Magic Dart        ||    73
       Dazzling Spray    ||     3
 Stab: Invisible         ||     1
  Eat: Chunk             ||     4
